 Dungeon Crawl Stone Soup version 0.19.3-1-g3169bf9 (webtiles) character file.

211 Alarkh the Chopper (level 5, 0/41 HPs)
             Began as a Demonspawn Monk on Jan 26, 2017.
             Slain by an orc wizard
             ... wielding a +0 dagger
              (5 damage)
             ... on level 4 of the Dungeon.
             The game lasted 00:05:04 (2850 turns).

Alarkh the Chopper (Demonspawn Monk)                Turns: 2850, Time: 00:05:04

Health: 0/41       AC:  4    Str: 11    XL:     5   Next: 57%
Magic:  5/5        EV: 12    Int: 13    God:
Gold:   128        SH:  0    Dex: 15    Spells: 0 memorised, 4 levels left

rFire  + . .     SeeInvis .     a - +0 hand axe
rCold  . . .     Gourm    .     b - +0 robe
rNeg   . . .     Faith    .     (no shield)
rPois  .         Spirit   .     (no helmet)
rElec  .         Reflect  .     (no cloak)
rCorr  .         Harm     .     (no gloves)
MR     .....                    (no boots)
Stlth  +.........               g - amulet of regeneration
                                (no ring)
                                m - ring of protection from fire

@: confused, drained
A: slimy green scales 1, rot immunity
a: no special abilities


You were on level 4 of the Dungeon.
You were not hungry.

You visited 1 branch of the dungeon, and saw 4 of its levels.

You collected 128 gold pieces.

Inventory:

Hand Weapons
 a - a +0 hand axe (weapon)
Armour
 b - a +0 robe (worn)
Jewellery
 g - an amulet of regeneration (around neck)
 m - a ring of protection from fire (left hand)
Wands
 l - a wand of lightning (3/15)
Scrolls
 e - a scroll of teleportation
 h - a scroll of magic mapping {unknown}
 i - a scroll of blinking {unknown}
 j - a scroll of enchant weapon {unknown}
 p - a scroll of remove curse
 q - 2 scrolls of amnesia
 s - a scroll of fear {unknown}
 t - a scroll of fog {unknown}
Potions
 d - a potion of flight
Comestibles
 c - 3 bread rations
 k - 3 meat rations
 n - 7 fruits


   Skills:
 - Level 3.0(2.2) Fighting
 + Level 5.8(5.0) Axes
 - Level 2.6(1.9) Dodging
 - Level 1.7(1.0) Stealth


You had 4 spell levels left.
You didn't know any spells.

Dungeon Overview and Level Annotations

Branches:
Dungeon (4/15)
 Temple: D:4-7

Altars:
Trog

Annotations:
D:3 bosm's ghost, amateur DsIE


Innate Abilities, Weirdness & Mutations

You are partially covered in slimy green scales. (AC +2)
You are immune to rotting.


Message History

The orc wizard casts a spell at you. Something barely misses you.
You hit something but do no damage. Something hits you.
You barely miss something. You completely miss the orc wizard.
Something hits you. The orc wizard casts a spell at you.
The magic dart hits you!
* * * LOW HITPOINT WARNING * * *
Something hits you but does no damage.
An orc comes into view. It is wielding a club.
Okay, then.
You completely miss something. You barely miss the orc wizard.
The orc wizard points at you and mumbles some strange words.
You are confused.
The orc moves out of view.
Something hits you.
* * * LOW HITPOINT WARNING * * *
You bump into the rock wall.
The orc wizard hits you but does no damage.
Something hits you.
You die...

#.........#...##..####.
#.......###...........
##.....###.....o.....
######.......o.....##
#...o#####$##...
#.<.o..)........
#...####)...#### #####
#oo...... #@...####
######


You could see an orc wizard and an orc.

Vanquished Creatures
  An orc priest (D:4)
  Ijyb (D:1)
  Terence (D:2)
  An orc wizard (D:3)
  3 adders (D:2)
  2 oozes
  2 dart slugs
  2 leopard geckos
  5 orcs
  9 giant cockroaches
  5 goblins (D:2)
  7 hobgoblins
  2 quokkas
  2 ball pythons
  3 bats
  3 frilled lizards
  A jackal skeleton (D:4)
  4 kobolds
  2 rats
56 creatures vanquished.

Notes
Turn   | Place    | Note
-------+----------+-------------------------------------------
     0 | D:1      | Alarkh the Demonspawn Monk began the quest for the Orb.
     0 | D:1      | Reached XP level 1. HP: 18/18 MP: 1/1
   107 | D:1      | Reached skill level 3 in Axes
   134 | D:1      | Gained mutation: You are immune to rotting. [demonic ancestry]
   134 | D:1      | Reached XP level 2. HP: 14/24 MP: 2/2
  1081 | D:2      | Noticed Ijyb
  1117 | D:1      | HP: 1/24 [Ijyb/club (4)]
  1460 | D:1      | Killed Ijyb
  1460 | D:1      | Reached skill level 4 in Axes
  1460 | D:1      | Reached XP level 3. HP: 17/29 MP: 3/3
  1634 | D:2      | Gained mutation: You are partially covered in slimy green scales. (AC +2) [demonic ancestry]
  1634 | D:2      | Reached XP level 4. HP: 35/35 MP: 4/4
  1959 | D:3      | Found a bloodstained altar of Trog.
  2151 | D:3      | Noticed bosm's ghost (amateur DsIE)
  2237 | D:2      | Reached skill level 5 in Axes
  2283 | D:3      | Noticed Terence
  2462 | D:2      | Killed Terence
  2462 | D:2      | Reached XP level 5. HP: 22/41 MP: 5/5
  2582 | D:3      | HP: 2/41 [bosm's ghost/Freeze (13)]
  2850 | D:4      | Slain by an orc wizard

Skill      XL: |  1  2  3  4 |
---------------+-------------+-----
Axes           | 3 4 5 |  5.8
Fighting       | |  3.0
Dodging        | |  2.6
Stealth        | |  1.7

Action                   |  1- 3 |  4- 6 || total
-------------------------+-------+-------++-------
Melee: Hand axe          |   112 |   235 ||   347
Evoke: Wand              |       |     3 ||     3
  Use: Potion            |     2 |     3 ||     5
       Scroll            |     1 |     5 ||     6
 Stab: Sleeping          |     1 |     3 ||     4
       Invisible         |       |     6 ||     6
  Eat: Chunk             |     3 |     4 ||     7
Armor: Robe              |    19 |    51 ||    70
Dodge: Dodged            |    76 |   125 ||   201
